 Dungeon Crawl Stone Soup version 0.31-a0-931-g7b59d4eb97 (webtiles) character file.

Game seed: 4762283537648880181

5692 Shayle the Fighter (level 10, -16/103 HPs)
             Began as an Ogre Hexslinger on Oct 19, 2023.
             Was a Priest of Ru.
             Demolished by an elephant (23 damage)
             ... on level 11 of the Dungeon.
             The game lasted 00:35:42 (13618 turns).

Shayle the Fighter (Ogre Hexslinger)               Turns: 13618, Time: 00:35:43

Health: -16/103    AC:  6    Str: 14    XL:     10   Next: 76%
Magic:  23/23      EV: 12    Int: 18    God:    Ru [***...]
Gold:   391        SH:  0    Dex: 11    Spells: 26/28 levels left

rFire   . . .        w - +3 quarterstaff (chaos)
rCold   . . .        (shield currently unavailable)
rNeg    . . .        c - +0 robe
rPois   .            (helmet restricted)
rElec   .            x - +2 cloak
rCorr   .            (gloves unavailable)
SInv    +            (boots unavailable)
Will    +....        (no amulet) Stlth
                     e - ring of willpower
HPRegen 0.37/turn    l - ring of see invisible
MPRegen 0.18/turn

%: no passive effects
@: weak-willed
A: large, unfitting armour, frail 1, tough skin 1, no stealth, no air magic, no
summoning magic, no transmutations magic
a: Renounce Religion, Draw Out Power


You were on level 11 of the Dungeon.
You worshipped Ru.
Ru was most pleased with you.
You visited 1 branch of the dungeon, and saw 11 of its levels.
You also visited: Sewer.

You collected 692 gold pieces.
You spent 301 gold pieces at shops.

Inventory:

Hand Weapons
 a - a +1 sling
 b - a +2 short sword of protection
 n - the +5 sling of the Owl {antimagic, rF+}
   (You took it off a goblin on level 3 of the Dungeon)

   rF+:       It protects you from fire.
 s - a +2 short sword of draining
 w - a +3 quarterstaff of chaos (weapon)
Missiles
 y - 3 throwing nets
Armour
 c - a +0 robe (worn)
 x - a +2 cloak (worn)
Jewellery
 e - a ring of willpower (left hand)
 l - a ring of see invisible (right hand)
 m - a ring of resist corrosion
 B - a ring of wizardry
 E - an amulet of faith
Talismans
 p - a flux talisman
Wands
 r - a wand of digging (8)
 t - a wand of paralysis (2)
 H - a wand of flame (9)
Scrolls
 d - a scroll of brand weapon
 f - 2 scrolls of amnesia
 h - 3 scrolls of revelation
 j - a scroll of immolation
 k - 2 scrolls of silence
 q - 2 scrolls of fog
 u - 4 scrolls of teleportation
 F - a scroll of fear
Potions
 g - 3 potions of attraction
 i - a potion of magic
 o - a potion of invisibility
 v - a potion of brilliance
 z - a potion of ambrosia
 A - a potion of haste
 C - 3 potions of degeneration
 D - 5 potions of enlightenment
 I - a potion of resistance


   Skills:
 + Level 12.0 Fighting
 + Level 1.2 Maces & Flails
 - Level 1.3 Ranged Weapons
 + Level 8.5 Dodging
 - Level 9.8 Spellcasting
 - Level 2.6 Hexes
 - Level 0.8 Fire Magic


You had 26 spell levels left.
You knew the following spells:

 Your Spells              Type           Power      Damage    Failure   Level
a - Jinxbite              Hex            36%        N/A       4%          2

Your spell library contained the following spells:

 Spells                   Type           Power      Damage    Failure   Level
 Apportation              Tloc           16%        N/A       9%          1
 Sigil of Binding         Hex            18%        N/A       9%          3
 Tukima's Dance           Hex            18%        N/A       9%          3
 Inner Flame              Hex/Fire       15%        N/A       12%         3
 Cause Fear               Hex            9%         N/A       26%         4
 Dimensional Bullseye     Hex/Tloc       6%         N/A       43%         4
 Flame Wave               Conj/Fire      10%        2d6       56%         4
 Passage of Golubria      Tloc           8%         N/A       63%         4
 Fire Storm               Conj/Fire      5%         8d1       100%        9
 Shatter                  Erth           4%         3d7*      100%        9
 Yara's Violent Unravell  Hex/Tmut       Unusable   3d5       N/A         5
 Alistair's Intoxication  Tmut/Pois      Unusable   N/A       N/A         5
 Irradiate                Conj/Tmut      Unusable   3d13      N/A         5
 Chain Lightning          Conj/Air       Unusable   3d5       N/A         9

Dungeon Overview and Level Annotations

Branches:
Dungeon (11/15)            Temple (0/1) D:6             Orc (0/2) D:9
  Sewer (visited)
   Lair: D:8-11

Altars:
Cheibriados
Gozag
Makhleb
Nemelex Xobeh
Okawaru
Ru
Sif Muna
Trog
Vehumet
Yredelemnul
Zin
The Shining One

Shops:
D:5 ?   D:9 [(:(*(

Annotations:
D:8 1 runed translucent door
D:9 2 transporters, perezv8180's ghost, novice TrSh


Innate Abilities, Weirdness & Mutations

You are too large for most types of armour.
You are frail. (-10% HP)
You have tough skin. (AC +1)
You cannot be stealthy.
You cannot study or cast Air magic.
You cannot study or cast Summoning magic.
You cannot study or cast Transmutations magic.


Message History

The elephant tramples you!
* * * LOW HITPOINT WARNING * * *
You hold your ground!
The elephant closely misses you.
You hit the elephant.
The elephant is heavily wounded.
A giggling sprite leaps out and smacks the elephant with its own front foot.
The elephant is heavily wounded.
The elephant barely misses you. x2
Unknown command.
Okay, then.
Aiming: Paralyse
Press: ? - help, Shift-Dir - straight line, f - elephant
Aim: an elephant (heavily wounded, strong, poisoned, lightly drained, chance to call a sprite on attack: 28%, chance to affect: 26%)
Okay, then.
Okay, then.
You hit the elephant but do no damage.
The elephant is heavily wounded.
The jinxing sprites lose interest in you.
The elephant completely misses you. The elephant trunk-slaps you.
* * * LOW HITPOINT WARNING * * *
You are confused.
You feel invigorated.
The elephant seems less drained.
The elephant barely misses you. The elephant trunk-slaps you.
* * * LOW HITPOINT WARNING * * *
The elephant looks more healthy.
The elephant tramples you!!
* * * LOW HITPOINT WARNING * * *
You hold your ground!
The elephant completely misses you.
You hit the elephant but do no damage.
The elephant is heavily wounded.
You feel less invigorated.
You feel less confused. The elephant tramples you.
* * * LOW HITPOINT WARNING * * *
You stumble backwards!
The elephant barely misses you. The elephant trunk-slaps you.
* * * LOW HITPOINT WARNING * * *
You hit the elephant but do no damage.
The elephant is heavily wounded.
The elephant tramples you!!
You die...

. ....###
.########.......
................
................
................
................
.........#########
.#######.#....<..#
. #.'.....Y@# .
#.#.......# .#
#.#.......#..#
#.#########..#
#............#
#............#
#####............#
..................#
....#####.........#


You could see an elephant (strong).

Vanquished Creatures
  A boulder beetle (D:11)
  A cyclops (D:11)
  A komodo dragon (D:11)
  A troll (D:11)
  A hornet (D:11)
  A shadow (D:9)
  A wyvern (D:9)
  2 yaks (D:8)
  2 vampire mosquitoes (D:7)
  4 orc warriors
  Duvessa (D:6)
  A black bear (D:5)
  2 sky beasts
  An ogre (D:6)
  4 centaurs
  A kobold brigand (D:8)
  A phantom (D:6)
  2 bullfrogs
  A scorpion (D:6)
  Dowan (D:6)
  3 killer bees (D:8)
  A howler monkey (D:8)
  2 quasits (D:8)
  2 orc priests
  3 gnoll boudas
  5 hounds
  2 jellies
  Crazy Yiuf (D:4)
  2 iguanas
  3 sleepcaps
  Terence (D:2)
  5 orc wizards
  Robin (D:3)
  17 gnolls
  8 river rats
  12 adders
  4 shadow imps
  4 white imps
  4 ufetubi (D:5)
  A worm (D:3)
  2 dart slugs (D:3)
  32 orcs
  4 endoplasms
  3 giant cockroaches
  16 goblins
  10 hobgoblins
  5 jackals
  4 quokkas
  8 ball pythons
  19 bats
  7 frilled lizards
  14 kobolds
  4 rats
239 creatures vanquished.

Vanquished Creatures (collateral kills)
  A vampire mosquito (D:8)
1 creature vanquished.

Vanquished Creatures (others)
  A yak (D:8)
  A wyvern (D:9)
  A gnoll (D:7)
3 creatures vanquished.

Grand Total: 243 creatures vanquished

Notes
Turn   | Place    | Note
-------+----------+-------------------------------------------
     0 | D:1      | Shayle the Ogre Hexslinger began the quest for the Orb.
     0 | D:1      | Reached XP level 1. HP: 19/19 MP: 2/2
   164 | D:1      | Reached XP level 2. HP: 28/28 MP: 4/4
   168 | D:1      | Reached skill level 2 in Fighting
   915 | D:1      | Found a faded altar of an unknown god.
  1242 | D:2      | Noticed Terence
  1288 | D:2      | Killed Terence
  1289 | D:2      | Reached skill level 3 in Fighting
  1289 | D:2      | Reached XP level 3. HP: 14/37 MP: 6/6
  1825 | D:3      | Reached XP level 4. HP: 43/45 MP: 7/7
  1845 | D:3      | Learned a level 2 spell: Jinxbite
  2099 | D:3      | Found a snail-covered altar of Cheibriados.
  2177 | D:3      | Found a sacrificial altar of Ru.
  2193 | D:3      | Became a worshipper of Ru the Awakened
  2303 | D:3      | Noticed Robin
  2303 | D:3      | Identified the +5 sling of the Owl {antimagic, rF+}
  2322 | D:3      | Killed Robin
  2323 | D:3      | Reached XP level 5. HP: 20/54 MP: 9/9
  2516 | D:3      | Reached skill level 4 in Fighting
  2955 | D:4      | Found a runed translucent door.
  2956 | D:4      | Noticed Crazy Yiuf
  3081 | D:4      | Reached XP level 6. HP: 23/63 MP: 3/11
  3868 | D:4      | Killed Crazy Yiuf
  3869 | D:4      | Reached skill level 5 in Fighting
  3956 | D:5      | Entered Level 5 of the Dungeon
  3961 | D:5      | Gained mutation: You cannot be stealthy. [Ru sacrifice]
  4163 | D:5      | Reached XP level 7. HP: 72/72 MP: 2/13
  4445 | D:5      | Reached skill level 6 in Fighting
  4677 | D:5      | Reached skill level 5 in Spellcasting
  4846 | D:5      | Found a burning altar of Makhleb.
  4951 | D:5      | Found Icogh's Magic Scroll Shop.
  4959 | D:5      | Bought a scroll of teleportation for 42 gold pieces
  4959 | D:5      | Bought a scroll of teleportation for 42 gold pieces
  4959 | D:5      | Bought a scroll of teleportation for 42 gold pieces
  4959 | D:5      | Bought a scroll of teleportation for 42 gold pieces
  4959 | D:5      | Bought a scroll of enchant armour for 105 gold pieces
  4959 | D:5      | Bought a scroll of identify for 28 gold pieces
  5220 | D:6      | Reached XP level 8. HP: 59/84 MP: 4/16
  5347 | D:6      | Reached skill level 7 in Fighting
  5347 | D:6      | Reached skill level 5 in Dodging
  5553 | D:6      | Found a radiant altar of Vehumet.
  5622 | D:6      | Found a glowing drain.
  5623 | D:6      | Found a glowing silver altar of Zin.
  5638 | Sewer    | Entered a sewer
  7157 | D:6      | Found a shimmering blue altar of Sif Muna.
  7290 | D:6      | Found a staircase to the Ecumenical Temple.
  7308 | D:6      | Noticed Duvessa
  7309 | D:6      | Noticed Dowan
  7320 | D:6      | Killed Duvessa
  7321 | D:6      | Reached skill level 8 in Fighting
  7336 | D:6      | Killed Dowan
  7986 | D:7      | Reached XP level 9. HP: 81/97 MP: 6/19
  8059 | D:8      | Identified the "Zuismi"
  8071 | D:8      | Gained mutation: You cannot study or cast Air magic. [Ru
                  | sacrifice]
  8071 | D:8      | Gained mutation: You cannot study or cast Transmutations
                  | magic. [Ru sacrifice]
  8071 | D:8      | Gained mutation: You cannot study or cast Summoning magic.
                  | [Ru sacrifice]
  8071 | D:8      | Reached * piety under Ru
  8074 | D:8      | HP: 4/97 [vampire mosquito (6)]
  8565 | D:8      | Found an iron altar of Okawaru.
  8565 | D:8      | Found a runed translucent door.
  8577 | D:8      | Reached skill level 9 in Fighting
  8656 | D:8      | Noticed a troll
  8656 | D:8      | Found the +0 toga "Victory" {*Victory Clar}
  8657 | D:8      | Noticed a gargoyle
  9620 | D:9      | Found Zamauf's Antique Weapon Boutique.
  9630 | D:9      | Found Ubaokhesm's Book Emporium.
  9656 | D:9      | Found a glowing golden altar of the Shining One.
  9658 | D:9      | Noticed an angel
  9910 | D:9      | Found a basalt altar of Yredelemnul.
  9912 | D:9      | Noticed a profane servitor
 10118 | D:9      | Found a staircase to the Orcish Mines.
 10118 | D:9      | Found Xedaycin's Weapon Shop.
 10180 | D:7      | Found an opulent altar of Gozag.
 10184 | D:7      | Found a bloodstained altar of Trog.
 10250 | D:6      | Reached skill level 10 in Fighting
 11433 | D:8      | Reached XP level 10. HP: 87/111 MP: 22/22
 11785 | D:9      | Reached skill level 11 in Fighting
 11928 | D:9      | Found Ossuh's Armour Emporium.
 11953 | D:9      | Found Plog's Weapon Shoppe.
 11978 | D:9      | Found a sparkling altar of Nemelex Xobeh.
 11980 | D:9      | Found Huewn's General Store.
 12212 | D:9      | Found a transporter.
 12212 | D:9      | Noticed a two-headed ogre
 12212 | D:9      | Noticed perezv8180's ghost (novice TrSh)
 12213 | D:9      | Identified the +6 dire flail of the Solstice {drain, rC+}
 12213 | D:9      | Noticed a two-headed ogre
 12213 | D:9      | Noticed a two-headed ogre
 12215 | D:9      | Noticed a two-headed ogre
 12216 | D:9      | Found a transporter.
 12270 | D:9      | Gained mutation: You are frail. (-10% HP) [Ru sacrifice]
 12270 | D:9      | Reached ** piety under Ru
 12270 | D:9      | Reached *** piety under Ru
 12334 | D:10     | Entered Level 10 of the Dungeon
 12722 | D:11     | Noticed a cyclops
 12737 | D:11     | Killed a cyclops
 13043 | D:11     | Noticed a boulder beetle
 13093 | D:11     | Killed a boulder beetle
 13463 | D:11     | Reached skill level 12 in Fighting
 13463 | D:11     | Reached skill level 1 in Maces & Flails
 13600 | D:10     | Noticed an elephant
 13604 | D:10     | Noticed a two-headed ogre
 13616 | D:11     | HP: 4/103 [elephant (22)]
 13618 | D:11     | Demolished by an elephant

Illustrated notes

Levels and vault maps discovered:
D:1:      arrival_zaba_pyramid, layout_basic, shapermc_ecumenical_altar_venn
D:2:      layout_basic, corner_web_ring, corexii_corridor_pit,
          kennysheep_pointless_box, grunt_decor_fettered, uniq_terence
D:3:      layout_basic, mainiacjoe_overflow_surrounded_room, marbit_many_paths,
          uniq_robin
D:4:      nicolae_cairo_tiling, layout_basic, uniq_crazy_yiuf_cottage
D:5:      layout_basic, amcnicky_altar_gilded, serial_shops, shop,
          nicolae_zig_zag_zippers
D:6:      layout_rooms, mainiacjoe_overflow_brackets, fiery_altar_vehumet,
          lemuel_blue_sif_altar, minmay_temple_entry_tees, portal_sewer_entry_b,
          uniq_duvessa
D:7:      layout_basic, lemuel_doored_altar, nicolae_overflow_hidden_temple,
          hangedman_decor_diamond_cutter, nicolae_concentric_dashed_squares_wild
D:8:      layout_basic, nicolae_overflow_guarded_unrand_okawaru_victory,
          serial_demonic, serial_demonic_d, serial_demonic_f, serial_demonic_b,
          serial_demonic_d
D:9:      layout_rooms, grunt_temple_overflow_holy_war,
          overflow_temple_1_default, orc_david_3, gammafunk_ghost_smash,
          serial_shops, shop, nicolae_stop_n_shop_2, shop,
          nicolae_shop_tiny_real_fake_doors, shop_statue
D:10:     layout_cave_pools, grunt_lair_entry_orc_guard_hut
D:11:     layout_irregular_city

Skill      XL: |  1  2  3  4  5  6  7  8  9 10 |
---------------+-------------------------------+-----
Dodging        | 2 3 4 6 7 8 |  8.5
Fighting       | 3 4 5 6 8 10 12 | 12.0
Spellcasting   | 2 3 4 5 7 8 9 |  9.8
Maces & Flails | 1 |  1.2
Ranged Weapons | |  1.3
Hexes          | |  2.6
Fire Magic     | |  0.8

Action                     |  1- 3 |  4- 6 |  7- 9 | 10-12 || total
---------------------------+-------+-------+-------+-------++-------
  Melee: Sling             |     2 |       |       |       ||     2
         Short sword       |    44 |   107 |    40 |       ||   191
         Quarterstaff      |       |       |   103 |    85 ||   188
   Fire: Sling             |    91 |   108 |   447 |    72 ||   718
   Cast: Jinxbite          |       |     4 |    17 |     7 ||    28
 Invoke: Sacrifice Stealth |       |     1 |       |       ||     1
         Sacrifice Arcana  |       |       |     1 |       ||     1
         Draw Out Power    |       |       |       |     1 ||     1
         Sacrifice Health  |       |       |       |     1 ||     1
  Evoke: Wand              |       |       |       |     9 ||     9
    Use: Potion            |     5 |     1 |     6 |     2 ||    14
         Scroll            |     1 |       |    19 |     7 ||    27
   Stab: Sleeping          |       |     1 |       |       ||     1
         Paralysed         |       |       |       |    14 ||    14
 Armour: Robe              |   101 |   157 |   592 |   119 ||   969
  Dodge: Dodged            |    64 |   108 |   462 |   100 ||   734

Table legend: (Time is in decaauts)
 A = Elapsed time spent in this place.
 B = Non-inter-level travel time spent in this place.
 C = Inter-level travel time spent in this place.
 D = Time resting spent in this place.
 E = Time spent auto-exploring this place.
 F = Levels seen in this place.
 G = Mean time per level.
                   A        B        C        D        E       F      G
               +--------+--------+--------+--------+--------+-----+--------+
         Total |  13919 |  13518 |    401 |   4326 |   6057 |  12 | 1159.9 |
       Dungeon |  12900 |  12499 |    401 |   3946 |   5702 |  11 | 1172.7 |
         Sewer |   1018 |   1018 |      0 |    380 |    355 |   1 | 1018.0 |
               +--------+--------+--------+--------+--------+-----+--------+

Top non-repeatable levels by time:
     D:8: 2413 daAuts
     D:6: 1606 daAuts
     D:4: 1422 daAuts
     D:5: 1277 daAuts
    D:11: 1256 daAuts
     D:7: 1184 daAuts
     D:1: 1117 daAuts
     D:9: 1086 daAuts
   Sewer: 1018 daAuts
     D:2: 756 daAuts
     D:3: 721 daAuts
    D:10: 58 daAuts
